 Dungeon Crawl Stone Soup version 0.27-a0-1591-gc56fcc985a (webtiles) character file.

Game seed: 5050173079065464992

4 MisterAzrael the Conjurer (level 1, -1/10 HPs)
             Began as a Deep Elf Conjurer on July 20, 2021.
             Frozen to death by an endoplasm (5 damage)
             ... on level 1 of the Dungeon.
             The game lasted 00:00:22 (84 turns).

MisterAzrael the Conjurer (Deep Elf Conjurer)         Turns: 84, Time: 00:00:23

Health: -1/10      AC:  2    Str:  4    XL:     1   Next: 58%
Magic:  0/6        EV: 12    Int: 22    God:
Gold:   0          SH:  5    Dex: 13    Spells: 5/6 levels left

rFire    . . .     SeeInvis .   (no weapon)
rCold    . . .     Faith    .   (no shield)
rNeg     . . .     Spirit   .   a - +0 robe
rPois    .         Reflect  +   (no helmet)
rElec    .         Harm     .   (no cloak)
rCorr    .         Rampage  .   (no gloves)
Will     .....                  (no boots)
Stlth    ++........             c - amulet of reflection
HPRegen  0.03/turn              (no ring)
MPRegen  0.10/turn              (no ring)

@: no status effects
A: no striking features
a: no special abilities


You were on level 1 of the Dungeon.
You visited 1 branch of the dungeon, and saw 1 of its levels.

Inventory:

Armour
 a - a +0 robe (worn)
Jewellery
 c - an amulet of reflection (around neck)
Scrolls
 b - a scroll of fear {unknown}
 e - a scroll of amnesia {unknown}
Potions
 d - a potion of invisibility {unknown}


   Skills:
 + Level 2.4 Dodging
 + Level 2.4 Stealth
 + Level 3.0 Spellcasting
 + Level 4.6 Conjurations


You had 5 spell levels left.
You knew the following spells:

 Your Spells              Type           Power      Damage    Failure   Level
a - Magic Dart            Conj           92%        1d7       1%          1

Your spell library contained the following spells:

 Spells                   Type           Power      Damage    Failure   Level
 Searing Ray              Conj           46%        3d4       2%          2
 Dazzling Flash           Conj/Hex       26%        N/A       14%         3
 Fulminant Prism          Conj/Hex       6%         3d7       43%         4
 Iskenderun's Mystic Bla  Conj/Tloc      13%        2d5       43%         4


Dungeon Overview and Level Annotations

Branches:
Dungeon (1/15)

Altars:


Message History

You feel a shielding aura gather around you.
c - an amulet of reflection (around neck)
The magic dart hits the frilled lizard.
You kill the frilled lizard!
Magic restored.
d - a fizzy amethyst potion
e - a scroll labelled PEVVUGHA YMAY
Found 18 sling bullets.
A kobold comes into view. It is wielding a +0 club.
The kobold shouts!
A giant cockroach comes into view.
The magic dart hits the kobold.
The kobold is heavily wounded.
An endoplasm comes into view.
The magic dart hits the kobold but does no damage.
The kobold is heavily wounded.
The endoplasm quivers.
The magic dart hits the kobold but does no damage.
The kobold is heavily wounded.
The kobold throws a stone.
The stone hits you.
The magic dart hits the kobold!
You kill the kobold!
The giant cockroach bites you.
The magic dart hits the giant cockroach.
The giant cockroach is moderately wounded.
The giant cockroach barely misses you.
The magic dart hits the giant cockroach.
You kill the giant cockroach!
The magic dart hits the endoplasm but does no damage.
The endoplasm freezes you.
You are frozen.
The magic dart hits the endoplasm.
The endoplasm is severely wounded.
The endoplasm closely misses you. The endoplasm freezes you.
You are frozen.
The endoplasm freezes you.
You are frozen.
Ouch! That really hurt!
You die...

# #......####.....####
..#..†.........<.....#
#...........#.....##.#
..#....†...###...##
(....#.....# #...#
#.#..#.....# #...#
..#..>.....# ##.##
##.#.....# #.#
#.#...@.# #.# .
#..J..# ### ## #.....#
#######


You could see an endoplasm.

Vanquished Creatures
  A giant cockroach (D:1)
  A kobold (D:1)
  A ball python (D:1)
  2 frilled lizards (D:1)
5 creatures vanquished.

Notes
Turn   | Place    | Note
-------+----------+-------------------------------------------
     0 | D:1      | MisterAzrael the Deep Elf Conjurer began the quest for the
                  | Orb.
     0 | D:1      | Reached XP level 1. HP: 10/10 MP: 6/6
    84 | D:1      | Frozen to death by an endoplasm

Illustrated notes

Levels and vault maps discovered:
D:1:      dpeg_arrival_rhombus, layout_loops_cross

Action                   || total
-------------------------++-------
 Cast: Magic Dart        ||    11
Dodge: Dodged            ||     2

Table legend: (Time is in decaauts)
 A = Elapsed time spent in this place.
 B = Non-inter-level travel time spent in this place.
 C = Inter-level travel time spent in this place.
 D = Time resting spent in this place.
 E = Time spent auto-exploring this place.
 F = Levels seen in this place.
 G = Mean time per level.
                   A        B        C        D        E       F      G
               +--------+--------+--------+--------+--------+-----+--------+
         Total |     84 |     84 |      0 |      0 |     41 |   1 |   84.0 |
       Dungeon |     84 |     84 |      0 |      0 |     41 |   1 |   84.0 |
               +--------+--------+--------+--------+--------+-----+--------+

Top non-repeatable levels by time:
     D:1: 84 daAuts
